 Dungeon Crawl Stone Soup version 0.18-a0-739-gdae9da8 (webtiles) character file.

79802 Raultor the Fencer (level 15, -6/120 HPs)
             Began as a Demonspawn Gladiator on Dec 10, 2015.
             Was the Champion of Makhleb.
             Mangled by Nessos (8 damage)
             ... on level 4 of the Orcish Mines.
             The game lasted 01:41:37 (26086 turns).

Raultor the Fencer (Demonspawn Gladiator)          Turns: 26086, Time: 01:41:38

Health: -6/120     AC: 21    Str: 24    XL:     15   Next: 22%
Magic:  8/8        EV: 15    Int: 13    God:    Makhleb [******]
Gold:   2135       SH:  8    Dex: 21    Spells: 1 memorised, 10 levels left

rFire  . . .     SeeInvis +     V - +6 long sword "Lifebane" {antimagic, rElec rPois Int+3 Stlth+}
rCold  + . .     Clarity  +     B - +3 plate armour "Cuinwim" {rC+ rN+ Regen+ Dex+2}
rNeg   + . .     SustAt   .     M - +2 buckler
rPois  +         Gourm    .     (no helmet)
rElec  +         Spirit   .     (no cloak)
rCorr  .         Dismiss  .     (no gloves)
rMut   .         Stasis   +     b - +2 pair of boots of Ennui {rPois}
MR     +....                    t - amulet of stasis {Stasis, !d}
Stlth  +.........               D - +6 ring of strength
                                l - ring of see invisible {sInv, !d}

@: lethally poisoned (-6 -> -6), invisible, somewhat resistant to hostile
enchantments, very unstealthy
A: hooves 2, agile 1, clarity, demonic guardian 2, nightstalker 2, sturdy frame
3
a: Minor Destruction, Lesser Servant of Makhleb, Major Destruction, Greater
Servant of Makhleb, Renounce Religion


You were on level 4 of the Orcish Mines.
You worshipped Makhleb.
Makhleb was exalted by your worship.
You were not hungry.

You visited 3 branches of the dungeon, and saw 26 of its levels.
You also visited: Ossuary.

You collected 2863 gold pieces.
You spent 728 gold pieces at shops.

Inventory:

Hand Weapons
 p - a +2 scimitar of flaming
   (You took it off Erica on level 9 of the Dungeon)
 r - a +5 triple sword of protection
   (You found it on level 1 of the Orcish Mines)
 V - the +6 long sword "Lifebane" (weapon) {antimagic, rElec rPois Int+3 Stlth+}
   (You found it on level 4 of the Orcish Mines)

   It disrupts the flow of magical energy around spellcasters and certain
   magical creatures (including the wielder).
   It affects your intelligence (+3).
   It insulates you from electricity.
   It protects you from poison.
   It makes you more stealthy.
Missiles
 d - 3 throwing nets {=f, !d}
 S - 37 javelins (quivered)
Armour
 b - the +2 pair of boots of Ennui (worn) {rPois}
   (You bought it in a shop on level 4 of the Dungeon)

   It protects you from poison.
 w - a +2 chain mail of fire resistance
   (You took it off an orc warrior on level 9 of the Dungeon)
 B - the +3 plate armour "Cuinwim" (worn) {rC+ rN+ Regen+ Dex+2}
   (You found it on level 3 of the Lair of Beasts)

   It affects your dexterity (+2).
   It protects you from cold.
   It protects you from negative energy.
   It increases your rate of regeneration.
 M - a +2 buckler (worn)
   (You found it on level 6 of the Dungeon)
 W - a +3 chain mail of magic resistance
   (You took it off an orc on level 9 of the Dungeon)
Jewellery
 l - a ring of see invisible (left hand) {sInv, !d}
   (You found it on level 6 of the Dungeon)
 t - an amulet of stasis (around neck) {Stasis, !d}
   (You found it on level 3 of the Dungeon)
 D - a +6 ring of strength (right hand)
   (You found it on level 8 of the Lair of Beasts)
 I - an uncursed ring of ice {rC+, rF-}
   (You found it on level 13 of the Dungeon)
Wands
 o - a wand of digging (5)
   (You found it on level 3 of the Lair of Beasts)
 P - a wand of paralysis (7)
   (You found it on level 7 of the Dungeon)
 U - a wand of heal wounds (9)
   (You found it on level 8 of the Dungeon)
 Y - a wand of fire (3)
   (You found it on level 10 of the Dungeon)
Scrolls
 c - 2 scrolls of summoning
 f - 6 scrolls of teleportation
 h - 2 scrolls of magic mapping {!r}
 i - 10 scrolls of identify
 j - 4 scrolls of fear
 m - a scroll of recharging
 x - a scroll of amnesia
 E - 4 scrolls of enchant armour
 F - 2 scrolls of blinking {!r}
 Q - a scroll of remove curse
Potions
 g - a potion of flight
 k - 2 potions of invisibility
 q - 3 potions of cancellation
 s - 3 potions of brilliance
 A - 6 potions of heal wounds
 C - 4 potions of berserk rage {!q}
 K - 7 potions of might
 N - 7 potions of curing
 O - a potion of agility
 R - 2 potions of haste
 X - a potion of resistance
Books
 y - a book of Frost
   (You found it on level 6 of the Dungeon)
 J - a book of Annihilations
   (You found it on level 9 of the Dungeon)
Miscellaneous
 a - a phantom mirror
 T - a phial of floods
   (You found it on level 10 of the Dungeon)
 Z - a stone of tremors
   (You found it on level 8 of the Lair of Beasts)
Comestibles
 e - 17 bread rations {@e1}
 u - 9 chunks of flesh {@w0}
 v - 2 beef jerkies
 z - 25 royal jellies
 G - 5 slices of pizza
 H - 6 meat rations {@e2}
 L - 39 fruits


   Skills:
 + Level 11.8 Fighting
 * Level 15.0 Long Blades
 - Level 1.7 Throwing
 + Level 10.7 Armour
 + Level 8.2 Dodging
 - Level 4.0 Shields
 - Level 12.2 Invocations
 + Level 5.7 Evocations


You had 10 spell levels left.
You knew the following spells:

 Your Spells              Type           Power        Failure   Level  Hunger
s - Condensation Shield   Ice            #.........   100%        4    #####..


Dungeon Overview and Level Annotations

Branches:
Dungeon (14/15)            Temple (0/1) D:4            Lair (8/8) D:8
 Shoals (0/4) Lair:5       Spider (0/4) Lair:5        Slime (0/6) Lair:8
    Orc (4/4) D:12            Elf (0/3) Orc:4
 Vaults: D:13-14

Altars:
Dithmenos
Makhleb
Pakellas
Ru
Vehumet
Xom
Yredelemnul
The Shining One
Beogh

Shops:
D:4 (*?   D:8 [   D:9 %   D:12 ?[[%   D:13 *   Orc:2 }   Orc:4 (%?

Annotations:
D:14 Frances
Orc:4 Nessos


Innate Abilities, Weirdness & Mutations

You have hoof-like feet.
A demonic guardian rushes to your aid.
You are significantly more attuned to the shadows.
Your movements are significantly less encumbered by armour (ER -6).
You are agile. (Dex +2)
You possess an exceptional clarity of mind.


Message History

You take 10 damage, and have 110/120 hp.
Your soul eater hits the blizzard demon!
Your soul eater hits the blizzard demon!!
Nessos wields a longbow of flaming.
It bursts into flame!
Nessos shoots a poisoned arrow.
The poisoned arrow hits you. The poisoned arrow burns you.
You are poisoned.
You see here a poisoned arrow.
You take 1 damage, and have 111/120 hp.
A demon appears!
You feel somewhat more hungry.
You feel sick.
Nessos shoots a poisoned arrow.
The poisoned arrow misses you.
You take 10 damage, and have 101/120 hp.
You feel sick.
Nessos shoots a poisoned arrow.
You block the poisoned arrow.
The orc high priest prays to Beogh.
Your green death gestures at the orc warrior.
The bolt of poison hits the orc warrior.
The orc warrior is poisoned.
You see here a poisoned arrow.
You take 1 damage, and have 100/120 hp.
You feel sick.
Nessos blinks!
Your green death gestures at the orc warrior.
The poison arrow hits the orc warrior.
The orc warrior looks even sicker.
The orc warrior dies!
Makhleb accepts your kill.
Nessos shoots a poisoned arrow.
The poisoned arrow misses you.
You feel sick.
Nessos shoots a poisoned arrow.
You block the poisoned arrow.
Nessos stands on his hind legs for a moment.
Nessos shoots a poisoned arrow.
You block the poisoned arrow.
Your green death hits Nessos!
You see here a poisoned arrow.
Nessos shoots a poisoned arrow.
The poisoned arrow hits you! The poisoned arrow burns you!
Nessos shoots a poisoned arrow.
The poisoned arrow hits you. The poisoned arrow burns you.
The orc high priest invokes the aid of Beogh against you.
Something smites you!
You see here a poisoned arrow.
You take 41 damage, and have 60/120 hp.
MASSIVE DAMAGE!!
You feel sick.
Nessos shoots a poisoned arrow.
You block the poisoned arrow.
You see here a poisoned arrow.
Nessos blinks!
Things that are here:
a hand axe; a leather armour You feel sick.
Nessos unwields an uncursed longbow of flaming.
It stops flaming.
Nessos hits you but does no damage. Nessos hits you but does no damage.
The blizzard demon gestures at you. The bolt of cold hits you! You resist.
There is an open door, spattered with blood here.
Items here: )))) [[ †††† You take 11 damage, and have 50/120 hp.
Nessos wields an uncursed longbow of flaming.
It bursts into flame!
Nessos shoots a poisoned arrow.
The poisoned arrow hits you! The poisoned arrow burns you.
* * * LOW HITPOINT WARNING * * *
Your soul eater hits the blizzard demon but does no damage.
Nessos shoots a poisoned arrow.
The poisoned arrow hits you!!
* * * LOW HITPOINT WARNING * * *
The poisoned arrow burns you.
* * * LOW HITPOINT WARNING * * *
The blizzard demon closely misses your soul eater.
The blizzard demon barely misses your soul eater.
The red devil hits your soul eater but does no damage.
You see here 2 poisoned arrows.
You take 45 damage, and have 5/120 hp.
MASSIVE DAMAGE!!
Drink which item? (? for menu, Esc to quit)
You feel much better.
Your soul eater hits the blizzard demon!
Nessos unwields an uncursed longbow of flaming.
It stops flaming.
Nessos hits you.
* * * LOW HITPOINT WARNING * * *
The orc high priest hits your soul eater but does no damage.
The blizzard demon waves its arms in wide circles.
The air twists around and strikes you!
* * * LOW HITPOINT WARNING * * *
The red devil hits your soul eater with a trident!
You take 2 damage, and have 3/120 hp.
Drink which item? (? for menu, Esc to quit)
Okay, then.
Drink which item? (? for menu, Esc to quit)
Okay, then.
Drink which item? (? for menu, Esc to quit)
Okay, then.
Here: Nessos, wearing a centaur barding (lightly wounded, fast, unusually agile)
A mace.
There is something else lying underneath.
An open door, spattered with blood.
Drink which item? (? for menu, Esc to quit)
You fade into invisibility!
You feel sick.
Your sixfirhy hits the blizzard demon.
Your sixfirhy shocks the blizzard demon.
The blizzard demon completely resists.
Your sixfirhy hits the blizzard demon.
Your sixfirhy shocks the blizzard demon.
The blizzard demon completely resists.
Nessos misses you.
Your sixfirhy misses the blizzard demon.
Something hits your green death but does no damage.
Your soul eater misses the red devil.
Nessos hits you!
You die...

#..###.###'#####.##....#
.###.............##...##... ##
#.##)##....#####...#....
####.#...#....#..##[.##....
.....#.(.#....)..#...#.....
####.#####.####..#.........
#..#.....3..[.####)).)....##.
[..#.....####.####.8)..8...8.
#.(#..⌠..#..#..)@c42.........
####.[...#.[))####.83o28...8.
..[[.....#:.#)####..(4....##
##.#####[####(#..#...2(....##
...#...#.)[).['..#...#..)...#
...#[[.#(#....#..##..##..(..#
.(.##'##.#....#####...#.....##
.........#.[.....##...##.....#
##'###.###)#####.##....#....o##


You could see Nessos, a blizzard demon, an orc high priest, a red devil, a
friendly green death, a friendly soul eater and a friendly sixfirhy.

Vanquished Creatures
  Donald (Orc:4)
  4 hydras
  3 death yaks
  An orc high priest (Orc:3)
  2 unseen horrors
  4 orc knights
  3 hill giants
  4 griffons
  An ugly thing (D:12)
  3 orc sorcerers (Orc:4)
  2 slime creatures (D:13)
  A siren (Lair:5)
  3 cyclopes
  7 black mambas
  14 elephants
  8 spiny frogs
  An eye of devastation (Lair:8)
  An ice statue (Lair:3)
  A centaur skeleton (D:13)
  11 komodo dragons
  A fire drake (Lair:7)
  A queen bee (Lair:3)
  2 trolls
  A jumping spider (Lair:5)
  Prince Ribbit (Lair:3)
  12 blink frogs
  3 two-headed ogres (Orc:4)
  2 trapdoor spiders (D:10)
  2 water elementals (D:13)
  44 yaks
  3 redbacks (Lair:5)
  A wyvern (D:10)
  3 basilisks
  3 hippogriffs
  9 vampire mosquitoes
  A hungry ghost (D:12)
  2 wargs
  30 wolves
  A hell hound (D:13)
  8 water moccasins
  6 porcupines
  18 ogres
  4 phantoms
  2 black bears
  3 ice beasts (Lair:3)
  30 orc warriors
  A necrophage (D:10)
  A wasp (D:10)
  3 centaurs
  An eye of draining (D:11)
  14 crocodiles
  An elf zombie (Ossuary)
  15 giant frogs
  2 big kobolds
  A wyvern zombie (D:11)
  40 killer bees
  2 scorpions
  6 centaur zombies
  5 crimson imps
  6 hounds
  34 orc priests
  2 wasp zombies
  23 orc wizards
  3 quasits
  3 giant frog zombies
  4 electric eels (D:13)
  6 jellies
  Ijyb (D:3)
  5 worker ants
  2 giant frog skeletons
  8 iguanas
  23 sheep
  A hound zombie (D:6)
  A gnoll (D:2)
  A worker ant zombie (D:10)
  58 river rats
  19 adders
  5 shadow imps
  A white imp (Lair:3)
  2 adder zombies
  An ooze (D:1)
  3 worms (D:3)
  2 adder skeletons
  5 giant geckos
  222 orcs
  10 bats
  6 giant cockroaches
  18 goblins
  20 hobgoblins
  16 jackals
  2 quokkas (D:3)
  A ball python (D:5)
  5 giant newts
  8 hobgoblin zombies (Ossuary)
  A jackal zombie (Ossuary)
  18 kobolds
  7 kobold zombies (Ossuary)
  9 orc zombies (Ossuary)
  A quokka skeleton (D:5)
  12 rats
  2 rat zombies (Ossuary)
  A plant (Lair:8)
938 creatures vanquished.

Vanquished Creatures (collateral kills)
  An orc warlord (Orc:4)
  Azrael (D:13)
  2 hydras
  An ice dragon (Lair:3)
  2 catoblepae (Lair:8)
  A centaur warrior (D:13)
  A deep troll shaman (Lair:8)
  Erica (D:9)
  8 death yaks
  2 orc high priests (Orc:4)
  A hill giant (D:10)
  2 orc knights (Orc:1)
  A lindwurm (Lair:8)
  An orc sorcerer (Orc:4)
  A griffon (Lair:8)
  12 elephants
  2 spiny frogs
  A jumping spider (Lair:5)
  A queen bee (D:8)
  3 polar bears
  A slime creature (D:13)
  A boulder beetle (Lair:2)
  5 blink frogs (Lair:8)
  A wraith (D:10)
  18 yaks
  3 redbacks (Lair:5)
  A deep elf mage (D:8)
  4 basilisks
  4 fire elementals (D:13)
  A hippogriff (D:7)
  A warg (Orc:4)
  A water moccasin (Lair:1)
  3 porcupines
  10 wolves
  3 ice beasts
  An eye of draining (Lair:8)
  2 hell hounds (D:13)
  2 ogres
  A phantom (D:4)
  9 orc warriors
  A centaur (D:13)
  A black bear (Lair:8)
  A crocodile (Lair:3)
  4 giant frogs
  15 killer bees
  3 electric eels (Lair:7)
  2 orc wizards
  A human zombie (Ossuary)
  3 orc priests
  10 sheep
  2 mummies (Ossuary)
  2 gnolls (D:2)
  5 river rats
  A white imp (Lair:3)
  An adder zombie (Ossuary)
  8 orcs
  A goblin zombie (Ossuary)
  A hobgoblin zombie (Ossuary)
  A jackal zombie (Ossuary)
  3 kobold zombies (Ossuary)
  A fungus (Lair:5)
  2 plants
186 creatures vanquished.

Vanquished Creatures (others)
  A blink frog (Lair:8)
  A giant frog zombie (D:7)
  2 sheep (Lair:2)
  A bush (D:8)
  A butterfly (Lair:8)
  9 fungi
  8 plants
23 creatures vanquished.

Grand Total: 1147 creatures vanquished

Notes
Turn   | Place    | Note
--------------------------------------------------------------
     0 | D:1      | Raultor the Demonspawn Gladiator began the quest for the Orb.
     0 | D:1      | Reached XP level 1. HP: 16/16 MP: 1/1
    91 | D:1      | Reached skill level 3 in Long Blades
    91 | D:1      | Gained mutation: A weak demonic guardian rushes to your aid. [demonic ancestry]
    91 | D:1      | Reached XP level 2. HP: 8/22 MP: 2/2
   930 | D:1      | Reached XP level 3. HP: 20/28 MP: 3/3
   994 | D:2      | Reached skill level 1 in Armour
  1528 | D:2      | Gained mutation: A demonic guardian rushes to your aid. [demonic ancestry]
  1528 | D:2      | Reached XP level 4. HP: 14/34 MP: 4/4
  2399 | D:3      | Found a burning altar of Makhleb.
  2400 | D:3      | Found an oddly glowing altar of Pakellas.
  2437 | D:3      | Found a shimmering altar of Xom.
  2444 | D:3      | Became a worshipper of Makhleb the Destroyer
  2515 | D:3      | Reached skill level 4 in Long Blades
  2737 | D:3      | Reached skill level 3 in Fighting
  3128 | D:3      | Reached XP level 5. HP: 39/41 MP: 5/5
  3129 | D:3      | Reached skill level 1 in Invocations
  3226 | D:3      | Reached * piety under Makhleb
  3310 | D:3      | Reached skill level 2 in Armour
  3403 | D:3      | Noticed Ijyb
  3431 | D:3      | Killed Ijyb
  3622 | D:3      | Reached skill level 2 in Invocations
  3713 | D:3      | Reached ** piety under Makhleb
  4023 | D:4      | Found Hiadoo's Weapon Emporium.
  4162 | D:4      | Found Quack's General Store.
  4179 | D:4      | Gained mutation: Your movements are slightly less encumbered by armour (ER -2). [demonic ancestry]
  4179 | D:4      | Reached XP level 6. HP: 27/47 MP: 6/8
  4420 | D:4      | Found Xygosef's Magic Scroll Shop.
  4452 | D:4      | Reached skill level 3 in Invocations
  4456 | D:4      | Found a staircase to the Ecumenical Temple.
  4495 | D:4      | You fall through a shaft!
  4495 | D:5      | Entered Level 5 of the Dungeon
  4495 | D:5      | Found a basalt altar of Yredelemnul.
  4503 | D:5      | Found a sacrificial altar of Ru.
  5174 | D:5      | Reached skill level 3 in Armour
  5233 | D:4      | Reached skill level 5 in Long Blades
  5541 | D:5      | Gained mutation: Your movements are less encumbered by armour (ER -4). [demonic ancestry]
  5541 | D:5      | Reached XP level 7. HP: 39/53 MP: 9/9
  5751 | D:5      | Reached *** piety under Makhleb
  6030 | D:6      | Reached skill level 4 in Fighting
  6279 | D:6      | Reached skill level 4 in Invocations
  6388 | D:4      | Bought the +2 pair of boots of Ennui {rPois} for 308 gold pieces
  6544 | D:6      | Got an iridescent spear
  6545 | D:6      | Identified the +7 spear of Eternity {vamp, rF+} (You found it on level 6 of the Dungeon)
  6782 | D:6      | Reached skill level 6 in Long Blades
  7068 | D:7      | Gained mutation: You are slightly more attuned to the shadows. [demonic ancestry]
  7068 | D:7      | Reached XP level 8. HP: 61/61 MP: 11/11
  7113 | D:7      | Reached **** piety under Makhleb
  7260 | D:7      | Reached skill level 1 in Shields
  7260 | D:7      | Reached skill level 5 in Invocations
  7340 | D:7      | Found a sand-covered staircase.
  7369 | D:7      | Reached skill level 4 in Armour
  7374 | Ossuary  | Entered an ossuary
  7498 | Ossuary  | Reached ***** piety under Makhleb
  7686 | D:7      | Reached skill level 2 in Shields
  7732 | D:7      | Reached skill level 5 in Fighting
  7777 | D:7      | Found a radiant altar of Vehumet.
  8020 | D:7      | Reached skill level 7 in Long Blades
  8186 | D:8      | Found Luziany's Armour Shop.
  8241 | D:8      | Reached XP level 9. HP: 58/68 MP: 13/13
  8253 | D:8      | Reached skill level 6 in Invocations
  8459 | D:8      | Reached skill level 3 in Shields
  8473 | D:8      | Reached skill level 5 in Armour
  8729 | D:8      | Found a staircase to the Lair.
  8758 | D:8      | Reached skill level 8 in Long Blades
  8762 | D:8      | Reached skill level 6 in Fighting
  8762 | D:8      | Reached skill level 7 in Invocations
  8863 | D:8      | Gained mutation: You have large cloven feet. [demonic ancestry]
  8863 | D:8      | Reached XP level 10. HP: 68/77 MP: 15/15
  9134 | D:8      | Found a shadowy altar of Dithmenos.
  9162 | D:8      | Reached skill level 4 in Shields
  9243 | D:8      | Got a jewelled dagger
  9278 | D:8      | Reached ****** piety under Makhleb
  9381 | D:8      | Identified the +3 dagger of Vogynom {vamp, MR+ Dex+5} (You found it on level 8 of the Dungeon)
  9516 | D:8      | Reached skill level 8 in Invocations
  9689 | D:9      | Noticed Erica
  9698 | D:9      | Killed Erica
  9698 | D:9      | Reached skill level 7 in Fighting
  9698 | D:9      | Reached skill level 9 in Long Blades
  9698 | D:9      | Reached skill level 6 in Armour
 10115 | D:9      | Identified Qurisop's Incunabulum of Displaced Arcane Weapons
 10492 | D:9      | Found Enaulol's Food Shop.
 10675 | D:10     | Entered Level 10 of the Dungeon
 10752 | D:10     | Reached skill level 9 in Invocations
 11075 | D:10     | Gained mutation: You have hoof-like feet. [demonic ancestry]
 11075 | D:10     | Reached XP level 11. HP: 79/84 MP: 17/17
 11084 | D:10     | Noticed a hill giant
 11097 | D:10     | Reached skill level 10 in Long Blades
 11132 | D:10     | Reached skill level 7 in Armour
 11145 | D:10     | Killed a hill giant
 11147 | D:10     | Reached skill level 8 in Fighting
 11385 | D:11     | Noticed an unseen horror
 11389 | D:11     | Killed an unseen horror
 11454 | D:11     | Noticed a seven-headed hydra
 11461 | D:11     | Killed a four-headed hydra
 11698 | Lair:1   | Entered Level 1 of the Lair of Beasts
 11715 | Lair:1   | Reached skill level 10 in Invocations
 11895 | Lair:1   | Reached skill level 11 in Long Blades
 13226 | Lair:3   | Noticed Prince Ribbit
 13278 | Lair:3   | Reached skill level 8 in Armour
 13282 | Lair:3   | Gained mutation: Your movements are significantly less encumbered by armour (ER -6). [demonic ancestry]
 13282 | Lair:3   | Reached XP level 12. HP: 84/94 MP: 18/20
 13289 | Lair:3   | Killed Prince Ribbit
 13410 | Lair:3   | Noticed an ice dragon
 13423 | Lair:3   | Killed an ice dragon
 13423 | Lair:3   | Reached skill level 9 in Fighting
 13578 | Lair:3   | Reached skill level 3 in Dodging
 13990 | Lair:3   | Reached skill level 11 in Invocations
 14313 | Lair:3   | Got a sapphire-encrusted plate armour
 14326 | Lair:3   | Identified the +3 plate armour "Cuinwim" {rC+ rN+ Regen+ Dex+2} (You found it on level 3 of the Lair of Beasts)
 14571 | Lair:4   | Reached skill level 12 in Long Blades
 15218 | Lair:4   | Reached skill level 4 in Dodging
 15430 | Lair:5   | Found a hole to the Spider Nest.
 15563 | Lair:5   | Found a staircase to the Shoals.
 15674 | Lair:5   | Reached skill level 9 in Armour
 15956 | Lair:5   | Reached XP level 13. HP: 62/103 MP: 21/21
 16112 | Lair:5   | Reached skill level 5 in Dodging
 16123 | Lair:5   | Reached skill level 10 in Fighting
 16455 | Lair:6   | Reached skill level 12 in Invocations
 16580 | Lair:6   | Gained mutation: You possess an exceptional clarity of mind. [potion of beneficial mutation]
 16948 | Lair:6   | Reached skill level 13 in Long Blades
 17506 | Lair:7   | Reached skill level 6 in Dodging
 17506 | Lair:7   | Reached skill level 1 in Evocations
 18386 | Lair:8   | Entered Level 8 of the Lair of Beasts
 18390 | Lair:8   | Reached skill level 2 in Evocations
 18457 | Lair:8   | Found a staircase to the Slime Pits.
 18619 | Lair:8   | Gained mutation: You are significantly more attuned to the shadows. [demonic ancestry]
 18619 | Lair:8   | Reached XP level 14. HP: 107/111 MP: 23/23
 18664 | Lair:8   | Reached skill level 3 in Evocations
 18823 | Lair:8   | Reached skill level 7 in Dodging
 18846 | Lair:8   | Found an oddly glowing altar of Pakellas.
 18915 | Lair:8   | Reached skill level 11 in Fighting
 18922 | Lair:8   | Reached skill level 10 in Armour
 19160 | Lair:8   | Reached skill level 14 in Long Blades
 19457 | Lair:8   | Reached skill level 4 in Evocations
 19812 | D:4      | Bought a potion of beneficial mutation for 420 gold pieces
 19812 | D:4      | Gained mutation: You are agile. (Dex +2) [potion of beneficial mutation]
 20323 | D:11     | Found a glowing golden altar of the Shining One.
 20471 | D:12     | Found Iwnek's Armour Shop.
 20487 | D:12     | Found a staircase to the Orcish Mines.
 20737 | D:12     | Found Zapailys's Magic Scroll Shop.
 20894 | D:12     | Found Qois's Food Shop.
 21053 | D:12     | Found Meilax's Antique Armour Boutique.
 21832 | D:13     | Found Hoasmev's Assorted Antiques.
 21877 | D:13     | Noticed Azrael
 21902 | D:13     | Killed Azrael
 22186 | D:13     | Reached skill level 5 in Evocations
 22463 | D:14     | Noticed Frances
 22515 | Orc:1    | Entered Level 1 of the Orcish Mines
 23213 | Orc:2    | Found a roughly hewn altar of Beogh.
 23233 | Orc:2    | Found Areudgh's Gadget Boutique.
 24419 | Orc:4    | Entered Level 4 of the Orcish Mines
 24660 | Orc:4    | Noticed Donald
 24670 | Orc:4    | Killed Donald
 24760 | Orc:4    | Reached XP level 15. HP: 119/119 MP: 24/24
 24799 | Orc:4    | Got a transparent long sword
 24800 | Orc:4    | Identified the +6 long sword "Lifebane" {antimagic, rElec rPois Int+3 Stlth+} (You found it on level 4 of the Orcish Mines)
 24806 | Orc:4    | Learned a level 4 spell: Condensation Shield
 25042 | Orc:4    | HP: 28/119 [balrug/demon whip[the player character] (20)]
 25240 | Orc:4    | Found a roughly hewn altar of Beogh.
 25348 | Orc:4    | Found Fem Obesch's Antique Weapon Emporium.
 25359 | Orc:4    | Found Qeulaf's Food Shoppe.
 25379 | Orc:4    | Reached skill level 8 in Dodging
 25718 | Orc:4    | Found a staircase to the Elven Halls.
 26024 | Orc:4    | Reached skill level 15 in Long Blades
 26069 | Orc:4    | Found Ugeedaj's Magic Scroll Shoppe.
 26070 | Orc:4    | Noticed Nessos
 26084 | Orc:4    | HP: 10/120 [Nessos/poisoned arrow (24)]
 26085 | Orc:4    | HP: 3/120 [blizzard demon/the air[the player character] (16)]
 26086 | Orc:4    | Mangled by Nessos

Vault maps used:
D:1:      scummos_arrival_star, minmay_large_rounded_square,
          minmay_rat_gold_closets
D:3:      kennysheep_goblin_castle, gammafunk_temple_overflow_forgotten,
          first_bread, minmay_misc_feat_hallway, st_stairs_6
D:4:      minmay_temple_entry_statues_fountains, serial_shops,
          nicolae_shop_waterfront, shop, shop_coins
D:5:      corexii_shack_village, lemuel_crystal_altar, yredelemnul_altar_generic
D:7:      fiery_altar_vehumet, chequers_ossuary_entry_cave
D:8:      kennysheep_mini, minmay_lair_entry_grove, serial_shops, shop,
          david_nohive_1, minivault_26
D:9:      serial_shops, nicolae_shop_behind_doors, uniq_erica
D:11:     tso_metal_star
D:12:     nooodl_glass_maze, orc_david_3, serial_shops, shop, shop_fountains,
          kennysheep_little_box
D:13:     serial_shops, nicolae_shop_behind_doors, uniq_azrael
D:14:     erik_vaults_1, infiniplex_staircase_zigzag_3, basic_altar,
          minivault_24, small_statue_alley_a, uniq_agnes, uniq_frances
Lair:1:   lemuel_fruit_fields
Lair:3:   special_room, ice2_lemuel, lemuel_fruit_tree, uniq_prince_ribbit2
Lair:5:   minmay_shoals_entry_lonely_mermaid, nicolae_spider_entry_tight_spaces,
          grunt_forest_large_clearing_hut
Lair:6:   grunt_megastairs_3
Lair:7:   st_stairs_11, serial_bayou_shore_a
Lair:8:   grunt_lair_end_beastmaster, minmay_slime_entry_eyes, basic_altar,
          lemuel_fruit_fields
Orc:1:    sword_in_stone
Orc:2:    serial_shops, shop, mines1_david
Orc:3:    nicolae_orc_pool_cavern
Orc:4:    pubby_orc_utopia, uniq_nessos, uniq_donald
Ossuary:  ossuary_tomb_1

Action                   |  1- 3 |  4- 6 |  7- 9 | 10-12 | 13-15 || total
-------------------------+-------+-------+-------+-------+-------++-------
Melee: Long sword        |   116 |   299 |   591 |   177 |   301 ||  1484
       Scimitar          |       |       |       |  1070 |  1138 ||  2208
       Short sword       |       |       |       |    15 |       ||    15
       Triple sword      |       |       |       |       |   224 ||   224
Invok: Lesser Servant of |       |       |     2 |     2 |     1 ||     5
       Greater Servant o |       |       |       |     1 |     8 ||     9
Evoke: Wand              |       |       |       |     1 |     1 ||     2
       Stone of tremors  |       |       |       |       |     1 ||     1
       Phial of floods   |       |       |       |       |     1 ||     1
  Use: Scroll            |       |     3 |     2 |    18 |    10 ||    33
       Potion            |       |       |     2 |     3 |     5 ||    10
 Stab: Distracted        |       |       |       |     6 |     6 ||    12
  Eat: Chunk             |     1 |    10 |    12 |    25 |    32 ||    80
       Bread ration      |       |     1 |       |       |       ||     1
       Beef jerky        |       |       |       |       |     2 ||     2

Vault maps used:
D:1:      scummos_arrival_star, minmay_large_rounded_square,
          minmay_rat_gold_closets
D:3:      kennysheep_goblin_castle, gammafunk_temple_overflow_forgotten,
          first_bread, minmay_misc_feat_hallway, st_stairs_6
D:4:      minmay_temple_entry_statues_fountains, serial_shops,
          nicolae_shop_waterfront, shop, shop_coins
D:5:      corexii_shack_village, lemuel_crystal_altar, yredelemnul_altar_generic
D:7:      fiery_altar_vehumet, chequers_ossuary_entry_cave
D:8:      kennysheep_mini, minmay_lair_entry_grove, serial_shops, shop,
          david_nohive_1, minivault_26
D:9:      serial_shops, nicolae_shop_behind_doors, uniq_erica
D:11:     tso_metal_star
D:12:     nooodl_glass_maze, orc_david_3, serial_shops, shop, shop_fountains,
          kennysheep_little_box
D:13:     serial_shops, nicolae_shop_behind_doors, uniq_azrael
D:14:     erik_vaults_1, infiniplex_staircase_zigzag_3, basic_altar,
          minivault_24, small_statue_alley_a, uniq_agnes, uniq_frances
Lair:1:   lemuel_fruit_fields
Lair:3:   special_room, ice2_lemuel, lemuel_fruit_tree, uniq_prince_ribbit2
Lair:5:   minmay_shoals_entry_lonely_mermaid, nicolae_spider_entry_tight_spaces,
          grunt_forest_large_clearing_hut
Lair:6:   grunt_megastairs_3
Lair:7:   st_stairs_11, serial_bayou_shore_a
Lair:8:   grunt_lair_end_beastmaster, minmay_slime_entry_eyes, basic_altar,
          lemuel_fruit_fields
Orc:1:    sword_in_stone
Orc:2:    serial_shops, shop, mines1_david
Orc:3:    nicolae_orc_pool_cavern
Orc:4:    pubby_orc_utopia, uniq_nessos, uniq_donald
Ossuary:  ossuary_tomb_1

Table legend:
 A = Turns spent in this place as a percentage of turns spent in the entire game.
 B = Non-inter-level travel turns spent in this place as a percentage of non-inter-level travel turns spent in the entire game.
 C = Inter-level travel turns spent in this place as a percentage of turns spent in this place.
 D = Turns resting spent in this place as a percentage of non-inter-level travel turns spent in this place.
 E = Turns spent auto-exploring this place as a percentage of non-inter-level travel turns spent in this place.
 F = Non-inter-level travel turns spent in this place divided by the number of levels of this place that you've seen.
                   A       B       C       D       E      F
               +-------+-------+-------+-------+-------+----------------------
         Total | 100.0 | 100.0 |   0.7 |   1.0 |  10.5 | 287.9
       Dungeon |  48.4 |  48.4 |   0.9 |   1.5 |  10.5 | 268.5
          Lair |  30.3 |  30.4 |   0.5 |   0.5 |   8.5 | 295.0
  Orcish Mines |  18.5 |  18.5 |   0.7 |   0.7 |  14.6 | 359.8
       Ossuary |   2.8 |   2.8 |   0.0 |   0.0 |   5.1 | 216.0
               +-------+-------+-------+-------+-------+----------------------

Table legend:
 A = Kills in this place as a percentage of kills in entire the game.
 B = Kills by you in this place as a percentage of kills by you in the entire game.
 C = Kills by friends in this place as a percentage of kills by friends in the entire game.
 D = Other kills in this place as a percentage of other kills in the entire game.
 E = Experience gained in this place as a percentage of experience gained in the entire game.
 F = Experience gained in this place divided by the number of levels of this place that you have seen.
                   A       B       C       D       E      F
               +-------+-------+-------+-------+-------+----------------------
         Total | 100.0 | 100.0 | 100.0 |  -nan | 100.0 | 4222.3
       Dungeon |  39.2 |  41.3 |  28.4 |  -nan |  27.7 | 2256.5
          Lair |  32.2 |  28.3 |  52.5 |  -nan |  55.0 | 7844.1
  Orcish Mines |  25.1 |  27.3 |  13.7 |  -nan |  17.0 | 4856.0
       Ossuary |   3.5 |   3.1 |   5.5 |  -nan |   0.2 | 235.0
               +-------+-------+-------+-------+-------+----------------------
